 Dungeon Crawl Stone Soup version 0.30.0-5-g1a98f26d00 (webtiles) character file.

Game seed: 4288792109377601722

1606 Ijustatesigmund the Conjurer (level 8, -1/60 HPs)
             Began as a Gnoll Conjurer on May 12, 2023.
             Was a Follower of Vehumet.
             Slain by Pikel
             ... wielding a +2 whip of electrocution
              (8 damage)
             ... on level 7 of the Dungeon.
             The game lasted 00:20:08 (8627 turns).

Ijustatesigmund the Conjurer (Gnoll Conjurer)       Turns: 8627, Time: 00:20:09

Health: -1/60      AC:  4    Str:  6    XL:     8   Next: 94%
Magic:  1/17       EV: 13    Int: 21    God:    Vehumet [*.....]
Gold:   402        SH:  9    Dex: 10    Spells: 2/19 levels left

rFire   . . .        c - +2 morningstar
rCold   . . .        n - +0 buckler
rNeg    . . .        a - +0 robe
rPois   +            f - +1 helmet
rElec   .            (no cloak)
rCorr   .            (no gloves)
SInv    .            (no boots)
Will    .....        p - amulet of reflection
Stlth   +++          e - ring of poison resistance
HPRegen 0.30/turn    (no ring)
MPRegen 0.15/turn

%: reflection
@: no status effects
A: fangs 1, strong nose, distributed training
a: Renounce Religion


You were on level 7 of the Dungeon.
You worshipped Vehumet.
Vehumet was aware of your devotion.
You visited 2 branches of the dungeon, and saw 8 of its levels.
You also visited: Bailey.

You collected 402 gold pieces.

Inventory:

Hand Weapons
 c - a +2 morningstar (weapon)
Missiles
 j - a curare-tipped dart
Armour
 a - a +0 robe (worn)
 f - a +1 helmet (worn)
 n - a +0 buckler (worn)
Jewellery
 e - a ring of poison resistance (left hand)
 p - an amulet of reflection (around neck)
Wands
 t - a wand of polymorph (12)
Scrolls
 d - 4 scrolls of immolation
 g - 2 scrolls of teleportation
 h - 5 scrolls of identify
 r - 3 scrolls of amnesia
Potions
 b - 2 potions of flight
 i - 2 potions of lignification
 l - 2 potions of curing
 o - 2 potions of mutation
 q - 2 potions of attraction
 s - a potion of might


   Skills:
 + Level 3.8 Fighting
 + Level 3.8 Short Blades
 + Level 3.8 Long Blades
 + Level 3.8 Axes
 + Level 3.8 Maces & Flails
 + Level 3.8 Polearms
 + Level 3.8 Staves
 + Level 3.8 Ranged Weapons
 + Level 3.8 Throwing
 + Level 3.8 Armour
 + Level 6.0 Dodging
 + Level 5.7 Stealth
 + Level 3.8 Shields
 + Level 3.8 Unarmed Combat
 + Level 6.4 Spellcasting
 + Level 7.8 Conjurations
 + Level 3.1 Hexes
 + Level 3.1 Summonings
 + Level 3.1 Necromancy
 + Level 3.1 Translocations
 + Level 3.1 Transmutations
 + Level 3.1 Fire Magic
 + Level 3.1 Ice Magic
 + Level 3.1 Air Magic
 + Level 3.1 Earth Magic
 + Level 3.1 Poison Magic
 + Level 4.2 Invocations
 + Level 3.8 Evocations


You had 2 spell levels left.
You knew the following spells:

 Your Spells              Type           Power      Damage    Failure   Level
a - Magic Dart            Conj           100%       1d8       1%          1
b - Searing Ray           Conj           78%        2d7       1%          2
c - Iskenderun's Mystic   Conj/Tloc      29%        2d7       16%         4
d - Hailstorm             Conj/Ice       29%        3d8       4%          3
e - Frozen Ramparts       Ice            40%        1d7       12%         3
f - Swiftness             Air            20%        N/A       12%         3
g - Foxfire               Conj/Fire      100%       2x1d9     1%          1

Your spell library contained the following spells:

 Spells                   Type           Power      Damage    Failure   Level
 Shock                    Conj/Air       100%       1d9       1%          1
 Freeze                   Ice            80%        1d9       4%          1
 Dazzling Flash           Conj/Hex       58%        N/A       4%          3
 Vhi's Electric Charge    Tloc/Air       40%        N/A       12%         3
 Fulminant Prism          Conj/Hex       14%        3d8       16%         4
 Airstrike                Air            10%        2d(2-18)  38%         4
 Arcjolt                  Conj/Air       14%        1d24      41%         5
 Maxwell's Capacitive Co  Air            10%        ∞         100%        8


Dungeon Overview and Level Annotations

Branches:
Dungeon (7/15)             Temple (1/1) D:6          Bailey (visited)

Altars:
Ashenzari
Cheibriados
Dithmenos
Elyvilon
Fedhas
Gozag
Hepliaklqana
Kikubaaqudgha
Makhleb
Nemelex Xobeh
Okawaru
Qazlal
Ru
Sif Muna
Trog
Uskayaw
Vehumet
Wu Jian
Xom
Yredelemnul
The Shining One

Shops:
D:1 :   D:2 [

Annotations:
D:3 2 transporters, danmikkh's ghost, amateur DjHW
D:7 Pikel


Innate Abilities, Weirdness & Mutations

You have very sharp teeth.
Your uncanny sense of smell can sniff out nearby items.
Your experience applies equally to all skills.


Message History

Pikel is moderately wounded.
The searing ray hits Pikel.
Pikel is heavily wounded.
Pikel hits you with a +2 whip of electrocution!
You are electrocuted!
The searing ray misses Pikel.
You finish channelling your searing ray.
Pikel hits you with a +2 whip of electrocution.
Casting: Searing Ray (safe; 1% risk of failure)
Confirm with . or Enter, or press ? or * to list all spells.
Aiming: Searing Ray (safe; 1% risk of failure)
Press: ? - help, Shift-Dir - straight line, f - Pikel
Aim: Pikel, wielding a +2 whip of electrocution and wearing a +0 robe (heavily wounded, 76% to hit)
The searing ray hits Pikel.
Pikel is heavily wounded. (Press . to maintain the ray.)
You block Pikel's attack.
The searing ray misses Pikel.
Pikel misses you.
The searing ray hits Pikel.
Pikel is severely wounded.
Pikel hits you with a +2 whip of electrocution!
Aiming: Magic Dart (safe; 1% risk of failure)
Press: ? - help, Q - select action, (/) - cycle Shift-Dir - straight line, f/p - Pikel
Aim: Pikel, wielding a +2 whip of electrocution and wearing a +0 robe (severely wounded, 100% to hit)
The magic dart hits Pikel.
Pikel is severely wounded.
Pikel hits you with a +2 whip of electrocution.
You are electrocuted!
* * * LOW HITPOINT WARNING * * *
Okay, then.
Okay, then.
Casting: Magic Dart (safe; 1% risk of failure)
Confirm with . or Enter, or press ? or * to list all spells.
Okay, then.
Aiming: Polymorph
Press: ? - help, Shift-Dir - straight line, f/p - Pikel
Aim: Pikel, wielding a +2 whip of electrocution and wearing a +0 robe (severely wounded, will become an ogre, a golden eye, or a tarantella, chance to affect: 59%) Pikel resists with significant effort.
Pikel hits you with a +2 whip of electrocution!
You die...

### #.#
#.#############
#.............#
#.########.####
######.# #.#
#......# #@#
#######.# #K#
........# #.#
######..# #.#
######..# #.#
........########.###
.........K55.5.....#
...###...####.##.#.#
#.)# #...# #.##.#.#


You could see Pikel.

Vanquished Creatures
  Grinder (D:3)
  A wyvern (D:6)
  2 orc warriors (Bailey)
  An ice beast (D:7)
  A sky beast (D:7)
  A black bear (D:5)
  4 lemures (D:7)
  A phantom (D:5)
  2 bullfrogs
  A kobold brigand (D:7)
  A gnoll sergeant (D:6)
  A howler monkey (D:6)
  2 jellies
  2 orc priests
  3 iguanas
  5 gnolls (D:6)
  3 adders
  A shadow imp (D:7)
  5 white imps
  An ufetubus (D:4)
  3 worms
  A dart slug (D:4)
  30 orcs
  5 ball pythons
  6 endoplasms
  3 giant cockroaches
  6 goblins
  8 hobgoblins
  5 jackals (D:1)
  12 kobolds
  5 quokkas
  4 bats
  4 frilled lizards
  4 rats
135 creatures vanquished.

Vanquished Creatures (others)
  11 foxfires (Bailey)
11 creatures vanquished.

Grand Total: 146 creatures vanquished

Notes
Turn   | Place    | Note
-------+----------+-------------------------------------------
     0 | D:1      | Ijustatesigmund the Gnoll Conjurer began the quest for the
                  | Orb.
     0 | D:1      | Reached XP level 1. HP: 13/13 MP: 6/6
   332 | D:1      | Reached XP level 2. HP: 19/19 MP: 4/7
   335 | D:1      | Learned a level 2 spell: Searing Ray
   442 | D:1      | Found a faded altar of an unknown god.
   662 | D:1      | Reached skill level 5 in Spellcasting
   662 | D:1      | Reached XP level 3. HP: 15/25 MP: 2/9
   761 | D:1      | Found Fasookuc's Book Boutique.
   922 | D:1      | Reached skill level 1 in Invocations
  1532 | D:2      | Found Ties's Armour Boutique.
  1769 | D:2      | Reached skill level 1 in Fighting
  1769 | D:2      | Reached skill level 1 in Short Blades
  1769 | D:2      | Reached skill level 1 in Long Blades
  1769 | D:2      | Reached skill level 1 in Axes
  1769 | D:2      | Reached skill level 1 in Maces & Flails
  1769 | D:2      | Reached skill level 1 in Polearms
  1769 | D:2      | Reached skill level 1 in Staves
  1769 | D:2      | Reached skill level 1 in Ranged Weapons
  1769 | D:2      | Reached skill level 1 in Throwing
  1769 | D:2      | Reached skill level 1 in Armour
  1769 | D:2      | Reached skill level 1 in Shields
  1769 | D:2      | Reached skill level 1 in Unarmed Combat
  1769 | D:2      | Reached skill level 1 in Evocations
  1899 | D:2      | Reached XP level 4. HP: 32/32 MP: 7/11
  1904 | D:2      | Learned a level 4 spell: Iskenderun's Mystic Blast
  1909 | D:2      | Reached skill level 1 in Hexes
  1909 | D:2      | Reached skill level 1 in Summonings
  1909 | D:2      | Reached skill level 1 in Necromancy
  1909 | D:2      | Reached skill level 1 in Translocations
  1909 | D:2      | Reached skill level 1 in Transmutations
  1909 | D:2      | Reached skill level 1 in Fire Magic
  1909 | D:2      | Reached skill level 1 in Ice Magic
  1909 | D:2      | Reached skill level 1 in Air Magic
  1909 | D:2      | Reached skill level 1 in Earth Magic
  1909 | D:2      | Reached skill level 1 in Poison Magic
  2180 | D:3      | Learned a level 3 spell: Hailstorm
  2183 | D:3      | Found a hide-covered altar of Uskayaw.
  2334 | D:3      | Found a white marble altar of Elyvilon.
  2443 | D:3      | Noticed Grinder
  2450 | D:3      | Paralysed by Grinder for 3 turns
  2457 | D:3      | Paralysed by Grinder for 4 turns
  2466 | D:3      | Killed Grinder
  2467 | D:3      | Reached skill level 5 in Dodging
  2467 | D:3      | Reached XP level 5. HP: 33/38 MP: 5/12
  2467 | D:3      | Reached XP level 6. HP: 38/44 MP: 5/14
  2471 | D:3      | Learned a level 3 spell: Frozen Ramparts
  2670 | D:3      | Found a transporter.
  2676 | D:3      | Noticed danmikkh's ghost (amateur DjHW)
  2687 | D:3      | Found a transporter.
  3863 | D:5      | Entered Level 5 of the Dungeon
  4229 | D:5      | Reached XP level 7. HP: 50/50 MP: 8/15
  5158 | D:6      | Noticed a wyvern
  5210 | D:6      | Found a staircase to the Ecumenical Temple.
  5367 | Temple   | Entered the Ecumenical Temple
  5525 | Temple   | Became a worshipper of Vehumet
  5634 | D:6      | Reached skill level 5 in Stealth
  6185 | D:6      | Reached XP level 8. HP: 48/58 MP: 6/16
  6193 | D:6      | Killed a wyvern
  6826 | D:7      | Learned a level 3 spell: Swiftness
  6860 | D:7      | Found a flagged portal.
  6872 | D:7      | Reached * piety under Vehumet
  6872 | D:7      | Offered knowledge of Foxfire by Vehumet.
  6885 | Bailey   | Entered a bailey
  7002 | Bailey   | Learned a level 1 spell: Foxfire
  7549 | Bailey   | Noticed an orc knight
  7549 | Bailey   | Noticed an orc knight
  7957 | Bailey   | Identified the +7 plate armour of Koqoeh {rC+ rN+ Dex+2
                  | Stlth-}
  8507 | D:7      | Noticed Pikel
  8627 | D:7      | Slain by Pikel

Illustrated notes

Levels and vault maps discovered:
D:1:      dpeg_chamrin_arrival_tetris, layout_basic,
          ebering_ecumenical_altar_rust, serial_shops, shop
D:2:      layout_loops_cross, serial_shops, nicolae_shop_trees
D:3:      layout_basic, nicolae_elyvilon_temple_path,
          eat_drink_and_be_merry_uskayaw, gammafunk_ghost_arena, uniq_grinder
D:4:      layout_cave_pools
D:5:      layout_basic
D:6:      layout_basic, zin_statuary, minmay_temple_entry_statues_fountains
D:7:      layout_basic, enter_bailey_4, uniq_pikel
Temple:   nicolae_temple_bog_church

Skill      XL: |  1  2  3  4  5  6  7  8 |
---------------+-------------------------+-----
Spellcasting   | 5 6 |  6.4
Invocations    | 1 2 3 4 |  4.2
Fighting       | 1 2 3 |  3.8
Short Blades   | 1 2 3 |  3.8
Long Blades    | 1 2 3 |  3.8
Axes           | 1 2 3 |  3.8
Maces & Flails | 1 2 3 |  3.8
Polearms       | 1 2 3 |  3.8
Staves         | 1 2 3 |  3.8
Ranged Weapons | 1 2 3 |  3.8
Throwing       | 1 2 3 |  3.8
Armour         | 1 2 3 |  3.8
Shields        | 1 2 3 |  3.8
Unarmed Combat | 1 2 3 |  3.8
Evocations     | 1 2 3 |  3.8
Hexes          | 1 2 3 |  3.1
Summonings     | 1 2 3 |  3.1
Necromancy     | 1 2 3 |  3.1
Translocations | 1 2 3 |  3.1
Transmutations | 1 2 3 |  3.1
Fire Magic     | 1 2 3 |  3.1
Ice Magic      | 1 2 3 |  3.1
Air Magic      | 1 2 3 |  3.1
Earth Magic    | 1 2 3 |  3.1
Poison Magic   | 1 2 3 |  3.1
Dodging        | 5 6 |  6.0
Stealth        | 5 |  5.7
Conjurations   | |  7.8

Action                     |  1- 3 |  4- 6 |  7- 9 || total
---------------------------+-------+-------+-------++-------
  Melee: Unarmed           |     8 |       |       ||     8
         Short sword       |    15 |     4 |    19 ||    38
         Bite              |     1 |       |     3 ||     4
         Morningstar       |       |       |    24 ||    24
   Cast: Magic Dart        |    67 |    79 |   148 ||   294
         Searing Ray       |       |     6 |    22 ||    28
         Hailstorm         |       |     1 |     2 ||     3
         Foxfire           |       |       |     6 ||     6
  Evoke: Wand              |       |       |     2 ||     2
    Use: Scroll            |       |    16 |     4 ||    20
         Potion            |       |     1 |     4 ||     5
   Stab: Sleeping          |       |     1 |       ||     1
 Armour: Robe              |     6 |     1 |    14 ||    21
  Dodge: Dodged            |    28 |     4 |    46 ||    78
  Block: Other             |       |     2 |       ||     2
         Reflection        |       |     1 |     4 ||     5
         Buckler           |       |       |    47 ||    47
